 Dungeon Crawl Stone Soup version 0.31-a0-4-gefa6de2278 (webtiles) character file.

Game seed: 17511534874492152996

4564 jasper the Zephyrmancer (level 10, -12/80 HPs)
             Began as a Demonspawn Air Elementalist on May 3, 2023.
             Was a Believer of Vehumet.
             Killed from afar by Lodul (36 damage)
             ... with a bolt of lightning
             ... on level 10 of the Dungeon.
             The game lasted 00:15:01 (10954 turns).

jasper the Zephyrmancer (DsAE)                     Turns: 10954, Time: 00:15:02

Health: -12/80     AC:  4    Str:  8    XL:     10   Next: 18%
Magic:  20/20      EV: 14    Int: 24    God:    Vehumet [**....]
Gold:   292        SH:  0    Dex: 20    Spells: 10/23 levels left

rFire   + . .        E - +2 long sword "Denoazije" {heavy, rF+ Int+3}
rCold   . . .        (no shield)
rNeg    . . .        a - +1 robe
rPois   .            (helmet unavailable)
rElec   .            (no cloak)
rCorr   .            K - +0 pair of gloves
SInv    +            (no boots)
Will    +....        v - amulet of magic regeneration
Stlth   ++           L - ring of willpower
HPRegen 0.33/turn    y - +6 ring of dexterity
MPRegen 0.57/turn

%: no passive effects
@: no status effects
A: antennae 3, demonic guardian 2, powered by death 1
a: Renounce Religion


You were on level 10 of the Dungeon.
You worshipped Vehumet.
Vehumet was pleased with you.
You visited 2 branches of the dungeon, and saw 11 of its levels.

You collected 556 gold pieces.
You spent 264 gold pieces at shops.

Inventory:

Hand Weapons
 e - a +1 club
 h - a +1 short sword of speed
 u - a +0 rapier
 E - the +2 long sword "Denoazije" (weapon) {heavy, rF+ Int+3}
   (You found it on level 7 of the Dungeon)

   Int:       It affects your intelligence (+3).
   rF:        It protects you from fire.
Missiles
 q - 24 poisoned darts
Armour
 a - a +1 robe (worn)
 z - a +0 helmet
 K - a +0 pair of gloves (worn)
Magical Staves
 p - a staff of fire
Jewellery
 f - a ring of wizardry
 s - an amulet of faith
 t - a ring of wizardry
 v - an amulet of magic regeneration (around neck)
 y - a +6 ring of dexterity (right hand)
 D - a +6 ring of strength
 G - an amulet of regeneration
 J - an amulet of the acrobat
 L - a ring of willpower (left hand)
Wands
 n - a wand of polymorph (3)
 x - a wand of flame (26)
Scrolls
 c - a scroll of fog
 d - 2 scrolls of teleportation
 i - a scroll of magic mapping
 w - a scroll of torment
 H - a scroll of vulnerability
 I - a scroll of brand weapon
 M - a scroll of identify
Potions
 b - a potion of magic
 g - 2 potions of flight
 j - a potion of haste
 k - a potion of might
 l - 5 potions of curing
 m - a potion of mutation
 o - a potion of resistance
 r - 2 potions of berserk rage
 A - a potion of brilliance
 B - a potion of cancellation
 C - a potion of attraction
 F - a potion of degeneration


   Skills:
 + Level 7.7 Fighting
 * Level 3.7 Dodging
 - Level 1.7 Stealth
 + Level 7.3 Spellcasting
 - Level 5.0 Conjurations
 - Level 8.0 Air Magic


You had 10 spell levels left.
You knew the following spells:

 Your Spells              Type           Power      Damage    Failure   Level
a - Shock                 Conj/Air       100%       1d9       1%          1
b - Static Discharge      Conj/Air       78%        2-6/arc   1%          2
c - Swiftness             Air            47%        N/A       1%          3
d - Airstrike             Air            23%        2d(4-20)  2%          4
e - Mephitic Cloud        Conj/Pois/Air  29%        N/A       3%          3

Your spell library contained the following spells:

 Spells                   Type           Power      Damage    Failure   Level
 Kiss of Death            Conj/Necr      80%        2d11      2%          1
 Magic Dart               Conj           100%       1d8       1%          1
 Slow                     Hex            32%        N/A       7%          1
 Call Imp                 Summ           16%        N/A       11%         2
 Ensorcelled Hibernation  Hex/Ice        16%        N/A       11%         2
 Passwall                 Tmut/Erth      6%         N/A       11%         2
 Confusing Touch          Hex            8%         N/A       22%         3
 Ozocubu's Armour         Ice            8%         N/A       22%         3
 Vampiric Draining        Necr           8%         2d6       22%         3
 Metabolic Englaciation   Hex/Ice        4%         N/A       89%         5
 Simulacrum               Ice/Necr       4%         N/A       100%        6


Dungeon Overview and Level Annotations

Branches:
Dungeon (10/15)            Temple (1/1) D:4
   Lair: D:8-11         Orc: D:9-12

Altars:
Ashenzari
Cheibriados
Dithmenos
Fedhas
Gozag
Kikubaaqudgha
Makhleb
Nemelex Xobeh
Okawaru
Qazlal
Ru
Sif Muna
Trog
Uskayaw
Vehumet
Wu Jian
Xom
Yredelemnul

Shops:
D:1 :   D:10 !

Annotations:
D:10 Lodul


Innate Abilities, Weirdness & Mutations

You have a pair of large antennae on your head. (SInv)
A demonic guardian rushes to your aid.
You regenerate a little health from kills.


Message History

Your hellwing hits the ogre! Your hellwing hits the ogre.
The ogre hits something with a +0 giant spiked club!!
An orc priest comes into view. It is wielding a +0 short sword.
The orc priest shouts!
The orc priest invokes the aid of Beogh against you.
Beogh smites you!
* * * LOW HITPOINT WARNING * * *
You take 10 damage, and have 20/80 hp.
The orc priest mumbles some strange prayers to Beogh against you.
You easily resist.
The orc priest calls down the wrath of Beogh upon you.
Beogh smites you!
* * * LOW HITPOINT WARNING * * *
You take 15 damage, and have 6/80 hp.
The orc priest looks encouraged for a moment.
You feel better.
You regained 10 hp, and now have 16/80 hp.
You feel better.
You regained 5 hp, and now have 21/80 hp.
Casting: Airstrike (dangerous; 2% risk of failure)
Confirm with . or Enter, or press ? or * to list all spells.
Okay, then.
Unknown command.
Aiming: Shock (safe; 1% risk of failure)
Press: ? - help, Q - select action, (/) - cycle Shift-Dir - straight line That beam is likely to hit you.
Continue anyway?
The zap hits the orc priest!
The orc priest is heavily wounded.
The zap hits the orc priest!
You kill the orc priest!
Vehumet accepts your kill. The zap hits you.
* * * LOW HITPOINT WARNING * * *
You take 3 damage, and have 18/80 hp.
You see here a +0 club.
The ogre shouts!
MP restored: 20 Electricity crackles from Lodul's apparatus.
The bolt of lightning hits you!!!
You die...

........##.#.........O####
##......##.##....####....#
#..~~≈.#<.##.......####.#
##..~∩~.#.###....##.# #.####
....~≈≈..†# #....##.####.)..##
.........## #.#...#...O.###..####
.........# ♣##...#......###..#..
##...##..#...##..........####...#
..... ...#♣.....@.O.O.O..)..#..##
##......................)##...##
.......#....................###
#.#......................#..#
...##.........)....# ##.
#..............#
.............##..
##.........#.#.... ..# ..


You could see Lodul and 3 ogres.

Vanquished Creatures
  Pikel (D:4)
  A wyvern (D:8)
  A yak (D:8)
  Grum (D:8)
  A steam dragon (D:8)
  3 vampire mosquitoes
  5 orc warriors
  2 sky beasts
  A black bear (D:5)
  3 centaurs
  3 wolves (D:8)
  2 lemures (D:4)
  2 kobold brigands
  3 bullfrogs
  A wight (D:10)
  6 scorpions
  3 killer bees (D:7)
  3 vampire bats (D:3)
  3 jellies
  4 orc priests
  4 sleepcaps
  An iguana (D:6)
  9 orc wizards
  7 adders
  A shadow imp (D:4)
  2 white imps
  An ufetubus (D:6)
  A worm (D:2)
  A dart slug (D:5)
  19 orcs
  2 bat skeletons (D:3)
  3 bat zombies (D:3)
  6 endoplasms
  4 giant cockroaches
  6 goblins
  4 hobgoblins
  A quokka (D:2)
  2 ball pythons
  11 bats
  A frilled lizard (D:3)
  15 kobolds
  4 rats
154 creatures vanquished.

Vanquished Creatures (collateral kills)
  A sky beast (D:7)
  2 killer bees (D:7)
  An orc priest (D:8)
  A quokka (D:4)
  5 kobolds (D:8)
10 creatures vanquished.

Vanquished Creatures (others)
  17 fungi (D:7)
  A plant (D:5)
18 creatures vanquished.

Grand Total: 182 creatures vanquished

Notes
Turn   | Place    | Note
-------+----------+-------------------------------------------
     0 | D:1      | jasper the Demonspawn Air Elementalist began the quest for
                  | the Orb.
     0 | D:1      | Reached XP level 1. HP: 13/13 MP: 3/3
   185 | D:1      | Found Feg Kexkee's Book Boutique.
  1204 | D:2      | Gained mutation: You have a pair of small antennae on your
                  | head. [demonic ancestry]
  1204 | D:2      | Reached XP level 2. HP: 9/20 MP: 0/5
  1255 | D:2      | Learned a level 2 spell: Static Discharge
  1638 | D:2      | Reached skill level 1 in Fighting
  2211 | D:2      | Reached XP level 3. HP: 26/26 MP: 1/6
  2332 | D:3      | Learned a level 3 spell: Swiftness
  2433 | D:3      | Gained mutation: You have a pair of antennae on your head.
                  | [demonic ancestry]
  2433 | D:3      | Reached XP level 4. HP: 32/32 MP: 3/7
  3171 | D:3      | Found an ancient bone altar of Kikubaaqudgha.
  3175 | D:3      | Gained mutation: A weak demonic guardian rushes to your
                  | aid. [demonic ancestry]
  3175 | D:3      | Reached XP level 5. HP: 32/38 MP: 4/9
  3509 | D:3      | Learned a level 4 spell: Airstrike
  3760 | D:4      | Found a staircase to the Ecumenical Temple.
  3762 | D:4      | Noticed a lemure
  3763 | D:4      | Noticed a lemure
  4078 | D:4      | Noticed a lemure
  4090 | D:4      | Noticed a lemure
  4091 | D:4      | Noticed Pikel
  4130 | D:4      | Killed a lemure
  4135 | D:4      | Killed a lemure
  4138 | D:4      | Killed Pikel
  4139 | D:4      | Reached skill level 5 in Conjurations
  4139 | D:4      | Gained mutation: A demonic guardian rushes to your aid.
                  | [demonic ancestry]
  4139 | D:4      | Reached XP level 6. HP: 42/49 MP: 1/12
  4139 | D:4      | Reached XP level 7. HP: 47/55 MP: 1/13
  4184 | Temple   | Entered the Ecumenical Temple
  4419 | Temple   | Became a worshipper of Vehumet
  4850 | D:1      | Bought a book of Minor Magic for 180 gold pieces
  4854 | D:1      | Learned a level 3 spell: Mephitic Cloud
  5332 | D:5      | Entered Level 5 of the Dungeon
  5344 | D:5      | Reached skill level 3 in Air Magic
  5434 | D:5      | Found a blossoming altar of Fedhas.
  5860 | D:5      | Found a shimmering altar of Xom.
  5924 | D:5      | Found a broken altar of Ashenzari.
  5935 | D:5      | Reached skill level 4 in Air Magic
  5935 | D:5      | Gained mutation: You have a pair of large antennae on your
                  | head. (SInv) [demonic ancestry]
  5935 | D:5      | Reached XP level 8. HP: 61/61 MP: 9/15
  6093 | D:5      | Reached skill level 5 in Fighting
  6311 | D:5      | Found a hide-covered altar of Uskayaw.
  6442 | D:5      | Found a sacrificial altar of Ru.
  6559 | D:6      | Reached skill level 5 in Spellcasting
  6872 | D:6      | Reached skill level 5 in Air Magic
  7596 | D:7      | Found a bloodstained altar of Trog.
  7613 | D:7      | Reached skill level 6 in Air Magic
  7614 | D:7      | Reached XP level 9. HP: 26/69 MP: 13/17
  7618 | D:7      | Reached * piety under Vehumet
  7618 | D:7      | Offered knowledge of Kiss of Death by Vehumet.
  7921 | D:7      | Found an ornate altar of the Wu Jian Council.
  8163 | D:7      | Identified the +2 long sword "Denoazije" {heavy, rF+ Int+3}
  8732 | D:8      | Reached skill level 7 in Air Magic
  9069 | D:8      | Noticed Grum
  9113 | D:8      | Killed Grum
  9556 | D:8      | Reached skill level 8 in Air Magic
 10039 | D:9      | Noticed a boulder beetle
 10404 | D:9      | Gained mutation: You regenerate a little health from kills.
                  | [demonic ancestry]
 10404 | D:9      | Reached XP level 10. HP: 79/79 MP: 17/20
 10532 | D:9      | Found a stormy altar of Qazlal.
 10686 | D:10     | Entered Level 10 of the Dungeon
 10686 | D:10     | Noticed Lodul
 10755 | D:9      | Reached ** piety under Vehumet
 10865 | D:10     | Found Abudwaxi's Distillery.
 10871 | D:10     | Bought a potion of curing for 42 gold pieces
 10871 | D:10     | Bought a potion of curing for 42 gold pieces
 10954 | D:10     | Killed from afar by Lodul

Illustrated notes

Levels and vault maps discovered:
D:1:      minmay_arrival_doors, layout_loops_corners, serial_shops,
          nicolae_shop_just_a_little_nook, amethyst_killhole, skrybe_limestone_x
D:2:      layout_basic
D:3:      layout_loops_cross, kennysheep_vampire_church,
          nicolae_concentric_dashed_squares_mild, minmay_stone_trees_small,
          grunt_ministairs_10, roderic_batcave, bh_walls_and_bars
D:4:      layout_basic, minmay_temple_entry_mist, minmay_distorted, uniq_pikel
D:5:      layout_rooms, mainiacjoe_overflow_alcove_4, general_overflow_altar,
          marbit_many_paths, kennysheep_mini, fedhas_altar_1, kennysheep_dice
D:6:      layout_loops_corners, lemuel_doored_altar
D:7:      layout_basic, nicolae_elyvilon_peaceful_grove,
          mainiacjoe_overflow_cross_hatched, nicolae_overflow_crystal_walls
D:8:      layout_gridville, hellmonk_bongcloud_opening,
          ebering_dispersal_statue_hall, uniq_grum
D:9:      minmay_sliced_demisemicircle, layout_basic,
          nicolae_qazlal_general_emergency, minmay_misc_feat_doors
D:10:     layout_rooms, mainiacjoe_overflow_surrounded_room, david_orc_4,
          serial_shops, nicolae_take_the_stairs,
          nicolae_shop_pleasant_corner_grove, nicolae_shop_industrial_runoff,
          shop_statue, lightli_fourway_metalbox, uniq_lodul
Temple:   dpeg_chambers_temple

Skill      XL: |  1  2  3  4  5  6  7  8  9 10 |
---------------+-------------------------------+-----
Conjurations   | 2 3 5 |  5.0
Fighting       | 1 2 4 6 7 |  7.7
Spellcasting   | 4 5 7 |  7.3
Air Magic      | 4 6 8 |  8.0
Dodging        | 2 3 |  3.7
Stealth        | |  1.7

Action                     |  1- 3 |  4- 6 |  7- 9 | 10-12 || total
---------------------------+-------+-------+-------+-------++-------
  Melee: Club              |    14 |       |       |       ||    14
         Short sword       |     8 |    14 |    22 |       ||    44
         Punch             |     1 |       |     1 |       ||     2
         Long sword        |       |       |     1 |       ||     1
   Cast: Shock             |    62 |    75 |   122 |    15 ||   274
         Static Discharge  |       |     2 |     7 |     1 ||    10
         Airstrike         |       |       |    74 |    18 ||    92
  Evoke: Wand              |       |       |     4 |       ||     4
    Use: Scroll            |     9 |     3 |    10 |     2 ||    24
         Potion            |       |     2 |       |     2 ||     4
 Armour: Robe              |     7 |    14 |    13 |     4 ||    38
         Skin              |       |       |     2 |       ||     2
  Dodge: Dodged            |    19 |    36 |    38 |    10 ||   103

Table legend: (Time is in decaauts)
 A = Elapsed time spent in this place.
 B = Non-inter-level travel time spent in this place.
 C = Inter-level travel time spent in this place.
 D = Time resting spent in this place.
 E = Time spent auto-exploring this place.
 F = Levels seen in this place.
 G = Mean time per level.
                   A        B        C        D        E       F      G
               +--------+--------+--------+--------+--------+-----+--------+
         Total |  10952 |  10418 |    534 |   1434 |   7859 |  11 |  995.6 |
       Dungeon |  10703 |  10181 |    522 |   1434 |   7635 |  10 | 1070.3 |
        Temple |    248 |    236 |     12 |      0 |    224 |   1 |  248.0 |
               +--------+--------+--------+--------+--------+-----+--------+

Top non-repeatable levels by time:
     D:8: 1683 daAuts
     D:4: 1387 daAuts
     D:3: 1330 daAuts
     D:1: 1232 daAuts
     D:5: 1177 daAuts
     D:2: 1132 daAuts
     D:7: 1090 daAuts
     D:6: 1036 daAuts
     D:9: 527 daAuts
  Temple: 248 daAuts
    D:10: 105 daAuts
